 Dungeon Sprint DCSS version 0.21.1-1-g345015fe64 (webtiles) character file.

45504 Groucho the Warrior (level 14, -4/148 HPs)
             Began as a Minotaur Fighter on Apr 1, 2018.
             Was a High Priest of Cheibriados.
             Killed from afar by a frost giant (16 damage)
             ... with a bolt of cold
             ... in the Dungeon (Sprint IX: "|||||||||||||||||||||||||||||").
             The game lasted 00:09:48 (4307 turns).

Groucho the Warrior (Minotaur Fighter)              Turns: 4307, Time: 00:09:48

Health: -4/148     AC: 30    Str: 39    XL:     14   Next: 1%
Magic:  6/24       EV: 22    Int: 17    God:    Cheibriados [*****.]
Gold:   781        SH: 22    Dex: 26    Spells: 13/13 levels left

rFire    + . .     SeeInvis .   p - +1 broad axe (chop)
rCold    + . .     Gourm    .   c - +0 shield
rNeg     . . .     Faith    .   D - +4 plate armour {rPois}
rPois    +         Spirit   .   (helmet restricted)
rElec    +         Reflect  +   F - +1 cloak
rCorr    +         Harm     .   E - +1 pair of gloves
MR       +....     NoTele   +   (no boots)
Stlth    ..........             x - +3 amulet of reflection
HPRegen  0.34/turn              q - +2 ring of protection
MPRegen  0.19/turn              w - +5 ring of evasion

@: mighty, resistant, very slow
A: retaliatory headbutt, horns 2
a: Bend Time, Temporal Distortion, Slouch, Step From Time, Renounce Religion


You were in the Dungeon.
You worshipped Cheibriados.
Cheibriados was extremely pleased with you.
You were not hungry.

You visited 1 branch You collected 1923 gold pieces.
You spent 1142 gold pieces at shops.

Inventory:

Hand Weapons
 p - a +1 broad axe of chopping (weapon)
Missiles
 y - 15 poisoned javelins (quivered)
Armour
 c - a +0 shield (worn)
 D - a +4 plate armour of poison resistance (worn)
 E - a +1 pair of gloves (worn)
 F - a +1 cloak (worn)
Jewellery
 q - a +2 ring of protection (left hand)
 w - a +5 ring of evasion (right hand)
 x - a +3 amulet of reflection (around neck)
 B - an uncursed ring of protection from cold
 C - an uncursed ring of protection from cold
Wands
 o - a wand of acid (10)
Scrolls
 k - 4 scrolls of blinking
 m - 7 scrolls of remove curse
 n - 2 scrolls of amnesia
 t - 2 scrolls of identify
 u - 2 scrolls of fog
Potions
 a - a potion of brilliance
 d - 2 potions of might
 e - 9 potions of curing
 g - a potion of heal wounds
 h - a potion of haste
 i - a potion of magic
 j - 2 potions of berserk rage
 l - a potion of invisibility
 z - 2 potions of lignification
 A - a potion of degeneration
Comestibles
 f - 8 rations


   Skills:
 + Level 20.0 Fighting
 - Level 18.4 Axes
 + Level 7.6 Throwing
 + Level 20.0 Armour
 + Level 8.3 Dodging
 + Level 20.0 Shields
 - Level 14.9 Invocations


You had 13 spell levels left.
You didn't know any spells.

Dungeon Overview and Level Annotations

Branches:
Dungeon (1/1)

Altars:
Cheibriados
Dithmenos
Elyvilon
Fedhas
Gozag
Hepliaklqana
Kikubaaqudgha
Makhleb
Nemelex Xobeh
Okawaru
Qazlal
Ru
Sif Muna
Trog
Uskayaw
Vehumet
Wu Jian
Xom
Yredelemnul
Zin
The Shining One
Beogh
Jiyva
Lugonu

Shops:
D =*!(


Innate Abilities, Weirdness & Mutations

You reflexively headbutt those who attack you in melee.
You have a pair of horns on your head.


Message History

a deep troll corpse You feel very mighty all of a sudden.
The frost giant casts a spell at you.
The bolt of cold hits the ice dragon.
The ice dragon resists.
The bolt of cold hits you!
* * * LOW HITPOINT WARNING * * *
You block the ice dragon's attack. The ice dragon completely misses you.
The ice dragon tramples you.
* * * LOW HITPOINT WARNING * * *
You stumble backwards!
A glowing orange brain comes into view.
Items here: ) [ †† a great sword of flaming; a +0 troll leather armour; a fire giant corpse a deep troll corpse You feel protected.
The glowing orange brain turns its attention towards you.
The frost giant points at you and mumbles some strange words.
The bolt of cold hits the ice dragon.
The ice dragon resists.
The bolt of cold hits you! You resist.
You die...

.▓.▓.▓.▓.▓.▓.▓.▓.▓
.▓.▓)▓.▓=▓.▓.▓.▓.▓
(▓.▓(▓.▓.▓.▓.▓.▓.▓
.▓.▓)▓.▓)▓.▓÷▓.▓.▓
.▓.▓)▓.▓)▓.▓)▓.▓.▓
.▓.▓)▓.▓)▓.▓)▓(▓)▓
.▓.▓)▓.▓)▓.▓.▓.▓.▓
.▓.▓)▓.▓)▓.▓[▓(▓.▓
.▓.▓.▓.▓)▓.▓.▓.▓@▓
†▓.▓)▓.▓)▓.▓.▓.▓D▓
.▓.▓)▓.▓)▓.▓.▓(▓.▓
.▓.▓)▓.▓.▓.▓.▓.▓C▓
.▓.▓.▓.▓.▓.▓.▓)▓.▓
.▓.▓.▓.▓[▓.▓'▓.▓.▓
.▓.▓.▓.▓[▓.▓.▓(▓.▓
.▓.▓'▓.▓[▓.▓.▓.▓G▓
.▓.▓(▓.▓.▓.▓.▓.▓.▓


You could see a frost giant, an ice dragon and a glowing orange brain.

Vanquished Creatures
  2 liches (D)
  2 fire giants (D)
  An emperor scorpion (D)
  A ghost moth (D)
  2 very ugly things (D)
  A stone giant (D)
  A vampire knight (D)
  Azrael (D)
  A spark wasp (D)
  A merfolk javelineer (D)
  An ettin (D)
  3 great orbs of eyes (D)
  A merfolk impaler (D)
  A hydra (D)
  A ghost crab (D)
  An alligator (D)
  A two-headed ogre (D)
  An orc high priest (D)
  2 deep troll earth magi (D)
  Urug (D)
  2 shock serpents (D)
  A sea snake (D)
  A spriggan druid (D)
  An unseen horror (D)
  A harpy (D)
  9 orc knights (D)
  2 orc sorcerers (D)
  A salamander (D)
  3 wolf spiders (D)
  A cyclops (D)
  A wolf spider (shapeshifter) (D)
  3 manticores (D)
  5 black mambas (D)
  2 naga magi (D)
  2 water nymphs (D)
  A yaktaur (D)
  A komodo dragon (D)
  A kobold demonologist (D)
  A rime drake (D)
  6 polar bears (D)
  2 jumping spiders (D)
  2 bog bodies (D)
  A shadow (D)
  A tarantella (D)
  A redback (D)
  A wyvern (D)
  Grum (D)
  A fire elemental (D)
  2 yaks (D)
  A hungry ghost (D)
  A naga (D)
  A porcupine (D)
  6 water moccasins (D)
  5 hell hounds (D)
  An ice beast (D)
  3 black bears (D)
  9 orc warriors (D)
  A phantom (D)
  4 wolves (D)
  3 crocodiles (D)
  2 big kobolds (D)
  2 bullfrogs (D)
  A wight (D)
  A crimson imp (D)
  A hound (D)
  3 orc priests (D)
  3 orc wizards (D)
  An adder (D)
  An adder skeleton (D)
  A leopard gecko (D)
  15 orcs (D)
  2 bat zombies (D)
  2 goblins (D)
  A hobgoblin (D)
  A bat (D)
  A frilled lizard (D)
  A leopard gecko zombie (D)
157 creatures vanquished.

Vanquished Creatures (others)
  Nessos (D)
  A hydra (D)
  2 spiny frogs (D)
  A swamp drake (D)
5 creatures vanquished.

Grand Total: 162 creatures vanquished

Notes
Turn   | Place    | Note
-------+----------+-------------------------------------------
     0 | D        | Groucho the Minotaur Fighter began the quest for the Orb.
     0 | D        | Reached XP level 1. HP: 19/19 MP: 0/0
    15 | D        | Noticed a crimson imp
    25 | D        | Killed a crimson imp
    25 | D        | Reached skill level 5 in Fighting
    25 | D        | Reached skill level 5 in Armour
    25 | D        | Reached skill level 5 in Shields
    25 | D        | Reached XP level 2. HP: 23/29 MP: 1/1
    25 | D        | Reached XP level 3. HP: 29/36 MP: 2/2
    39 | D        | Found a roughly hewn altar of Beogh.
    39 | D        | Found a snail-covered altar of Cheibriados.
    39 | D        | Found a shadowy altar of Dithmenos.
    39 | D        | Found a white marble altar of Elyvilon.
    39 | D        | Found a blossoming altar of Fedhas.
    39 | D        | Found an opulent altar of Gozag.
    40 | D        | Found a hazy altar of Hepliaklqana.
    41 | D        | Found a viscous altar of Jiyva.
    42 | D        | Found an ancient bone altar of Kikubaaqudgha.
    43 | D        | Became a worshipper of Cheibriados the Contemplative
    44 | D        | Found a corrupted altar of Lugonu.
    45 | D        | Found a burning altar of Makhleb.
    46 | D        | Found a sparkling altar of Nemelex Xobeh.
    47 | D        | Found an iron altar of Okawaru.
    48 | D        | Found a stormy altar of Qazlal.
    49 | D        | Found a sacrificial altar of Ru.
    50 | D        | Found a deep blue altar of Sif Muna.
    51 | D        | Found a bloodstained altar of Trog.
    52 | D        | Found a hide-covered altar of Uskayaw.
    53 | D        | Found a radiant altar of Vehumet.
    54 | D        | Found an ornate altar of the Wu Jian Council.
    55 | D        | Found a shimmering altar of Xom.
    56 | D        | Found a basalt altar of Yredelemnul.
    57 | D        | Found a glowing silver altar of Zin.
    58 | D        | Found a glowing golden altar of the Shining One.
   254 | D        | Noticed a big kobold
   254 | D        | Noticed a phantom
   267 | D        | Killed a big kobold
   267 | D        | Reached * piety under Cheibriados
   267 | D        | Reached XP level 4. HP: 33/45 MP: 3/3
   271 | D        | Reached XP level 5. HP: 39/52 MP: 4/4
   272 | D        | Reached ** piety under Cheibriados
   279 | D        | Killed a phantom
   449 | D        | Noticed an ice beast
   449 | D        | Noticed an orc warrior
   457 | D        | Killed an ice beast
   457 | D        | Reached *** piety under Cheibriados
   457 | D        | Reached XP level 6. HP: 49/62 MP: 4/6
   461 | D        | Killed an orc warrior
   465 | D        | Reached **** piety under Cheibriados
   465 | D        | Reached XP level 7. HP: 55/70 MP: 5/8
   600 | D        | Noticed a yak
   600 | D        | Noticed a black mamba
   608 | D        | Reached ***** piety under Cheibriados
   608 | D        | Reached skill level 10 in Fighting
   608 | D        | Reached skill level 10 in Armour
   608 | D        | Reached skill level 10 in Shields
   611 | D        | Killed a yak
   611 | D        | Reached skill level 10 in Axes
   611 | D        | Reached skill level 5 in Invocations
   617 | D        | Killed a black mamba
   617 | D        | Reached XP level 8. HP: 74/82 MP: 9/11
   622 | D        | Reached ****** piety under Cheibriados
   637 | D        | Noticed a polar bear
   637 | D        | Noticed a komodo dragon
   637 | D        | Noticed a rime drake
   640 | D        | Killed a polar bear
   643 | D        | Noticed a black mamba
   645 | D        | Reached XP level 9. HP: 70/90 MP: 13/13
   647 | D        | Killed a komodo dragon
   650 | D        | Killed a rime drake
   663 | D        | Killed a black mamba
   677 | D        | Noticed a polar bear
   677 | D        | Noticed a polar bear
   677 | D        | Noticed a polar bear
   677 | D        | Noticed a polar bear
   680 | D        | Killed a polar bear
   684 | D        | Killed a polar bear
   688 | D        | Killed a polar bear
   688 | D        | Reached XP level 10. HP: 89/101 MP: 15/15
   812 | D        | Noticed an orc knight
   820 | D        | Killed an orc knight
  1095 | D        | Noticed an orc knight
  1096 | D        | Noticed an orc knight
  1098 | D        | Reached skill level 10 in Invocations
  1100 | D        | Noticed an orc knight
  1100 | D        | Killed an orc knight
  1104 | D        | Killed an orc knight
  1107 | D        | Killed an orc knight
  1433 | D        | Found Fuiddib's Jewellery Emporium.
  1433 | D        | Noticed an orc sorcerer
  1433 | D        | Noticed an orc knight
  1433 | D        | Noticed an orc knight
  1433 | D        | Noticed an orc knight
  1435 | D        | Noticed an orc knight
  1436 | D        | Killed an orc sorcerer
  1441 | D        | Killed an orc knight
  1441 | D        | Reached XP level 11. HP: 72/111 MP: 16/18
  1446 | D        | Killed an orc knight
  1447 | D        | Found Iwoas's General Store.
  1450 | D        | Killed an orc knight
  1455 | D        | Killed an orc knight
  1455 | D        | Reached skill level 15 in Fighting
  1455 | D        | Reached skill level 15 in Armour
  1455 | D        | Reached skill level 15 in Shields
  1458 | D        | Found Neimnat's Distillery.
  1466 | D        | Noticed an orc knight
  1468 | D        | Noticed an orc sorcerer
  1470 | D        | Found Guh Beoli's Weapon Shoppe.
  1470 | D        | Noticed an orc high priest
  1472 | D        | Killed an orc sorcerer
  1473 | D        | Killed an orc high priest
  1473 | D        | Reached skill level 15 in Axes
  1476 | D        | Killed an orc knight
  1861 | D        | Bought a +5 ring of evasion for 660 gold pieces
  1863 | D        | Bought a +3 amulet of reflection for 188 gold pieces
  1867 | D        | Bought 2 potions of lignification for 84 gold pieces
  1867 | D        | Bought a potion of curing for 42 gold pieces
  1867 | D        | Bought a potion of curing for 42 gold pieces
  1867 | D        | Bought a potion of heal wounds for 70 gold pieces
  1867 | D        | Bought a potion of curing for 42 gold pieces
  1867 | D        | Bought a potion of degeneration for 14 gold pieces
  1887 | D        | Noticed Urug
  1895 | D        | Killed Urug
  1931 | D        | Noticed Grum
  1938 | D        | Killed Grum
  2069 | D        | Noticed a two-headed ogre
  2076 | D        | Killed a two-headed ogre
  2082 | D        | Noticed a vampire knight
  2089 | D        | Killed an unseen horror
  2091 | D        | Noticed a stone giant
  2092 | D        | Noticed a lich
  2094 | D        | Noticed a shadow demon
  2096 | D        | Noticed a blizzard demon
  2096 | D        | Noticed an ettin
  2099 | D        | Noticed an Ice Fiend
  2101 | D        | Killed a vampire knight
  2101 | D        | Killed a lich
  2101 | D        | Reached XP level 12. HP: 79/124 MP: 20/20
  2102 | D        | Noticed a great orb of eyes
  2103 | D        | Killed a stone giant
  2105 | D        | Killed an ettin
  2114 | D        | Killed a great orb of eyes
  2594 | D        | Killed a ghost moth
  2615 | D        | Noticed an emperor scorpion
  2623 | D        | Killed an emperor scorpion
  2623 | D        | Reached XP level 13. HP: 109/134 MP: 6/22
  3018 | D        | Noticed a merfolk impaler
  3018 | D        | Noticed a merfolk javelineer
  3025 | D        | Killed a merfolk impaler
  3045 | D        | Killed a merfolk javelineer
  3662 | D        | Reached skill level 1 in Throwing
  3662 | D        | Reached skill level 1 in Dodging
  3740 | D        | Noticed Azrael
  3752 | D        | Killed Azrael
  4198 | D        | Noticed Nessos
  4203 | D        | Killed Nessos
  4275 | D        | Noticed a fire giant
  4275 | D        | Noticed a spark wasp
  4275 | D        | Noticed a cyan very ugly thing
  4276 | D        | Noticed a green very ugly thing
  4283 | D        | Killed a fire giant
  4283 | D        | Reached skill level 5 in Dodging
  4286 | D        | Killed a spark wasp
  4286 | D        | Reached skill level 5 in Throwing
  4289 | D        | Killed a green very ugly thing
  4291 | D        | Noticed a lich
  4292 | D        | Killed a green very ugly thing
  4294 | D        | Noticed a fire giant
  4299 | D        | Killed a lich
  4300 | D        | Killed a fire giant
  4300 | D        | Reached XP level 14. HP: 47/148 MP: 8/24
  4304 | D        | Noticed a frost giant
  4307 | D        | Killed from afar by a frost giant

Skill      XL: |  1  2  3  4  5  6  7  8  9 10 11 12 13 |
---------------+----------------------------------------+-----
Fighting       | 5 6 7 8 9 11 13 14 16 18 20 | 20.0
Armour         | 5 6 7 8 9 11 13 14 16 18 20 | 20.0
Shields        | 5 6 7 8 9 11 13 14 16 18 20 | 20.0
Axes           | 4 6 8 9 10 11 12 14 16 17 18 | 18.4
Invocations    | 2 3 6 7 9 10 12 14 | 14.9
Throwing       | 7 |  7.6
Dodging        | 8 |  8.3

Action                   |  1- 3 |  4- 6 |  7- 9 | 10-12 | 13-15 || total
-------------------------+-------+-------+-------+-------+-------++-------
Melee: War axe           |    22 |       |       |       |       ||    22
       Headbutt          |     8 |     4 |    23 |    63 |    29 ||   127
       Broad axe         |    12 |    25 |    66 |   181 |    69 ||   353
Invok: Slouch            |       |       |       |    12 |    15 ||    27
  Use: Potion            |       |       |       |     8 |     5 ||    13
 Stab: Confused          |       |       |       |       |     1 ||     1
  Eat: Ration            |       |       |       |     3 |       ||     3
       Chunk             |       |       |       |     1 |       ||     1
Armor: Scale mail        |    20 |     9 |       |       |       ||    29
       Plate armour      |       |       |    18 |    72 |    30 ||   120
Dodge: Dodged            |     8 |     6 |    16 |    44 |    24 ||    98
Block: Shield            |    17 |    16 |    52 |   157 |    68 ||   310
       Reflection        |       |       |       |     7 |     8 ||    15
